[Event "DVM U14 2024"]
[Site "Heidelberg"]
[Date "2024.12.28"]
[Round "4"]
[White "Madel, Luca"]
[Black "Derhay, Davyd"]
[Result "0-1"]
[ECO "D02"]
[WhiteElo "1657"]
[BlackElo "1665"]
[Annotator "NA RC"]
[PlyCount "93"]
[EventDate "2024.12.23"]
[EventType "team-tourn"]
[EventRounds "7"]
[EventCountry "GER"]
[SourceTitle "playchess.com"]
[Source "ChessBase"]
[SourceQuality "1"]
[TimeControl "40/5400+30:1800+30"]

1. d4 d5 2. Bf4 Nf6 3. e3 c5 4. c3 Nc6 5. Nf3 Qb6 6. Qc2 g6 7. Bd3 c4 8. Be2 Bf5 9. Qc1 Bg7 10. Nbd2 Qd8 11. a4 Na5 12. O-O O-O 13. Qd1 Qb6 14. Qc1 h6 15. h3 g5 16. Bh2 Ne4 17. Bd1 Bh7 18. Nxe4 dxe4 19. Nd2 Rac8 20. Be2 f5 21. Ra2 f4 22. Kh1 Qe6 23. Bg4 Bf5 24. Bxf5 Qxf5 25. Qb1 Nb3 26. Nxb3 cxb3 27. Ra1 f3 28. Rg1 fxg2+ 29. Rxg2 e5 30. Qd1 exd4 31. Qxb3+ Kh8 32. cxd4 b6 33. Qd1 Qxh3 34. Kg1 Rf3 35. Rc1 Rcf8 36. Rc2 Qd7 37. Rc7 Qf5 38. Qe1 h5 39. Rc2 h4 40. b4 Bh6 41. Re2 g4 42. Be5+ Kh7 43. Qc3 g3 44. Qd2 gxf2+ 45. Rgxf2 Bxe3 46. Qxe3 Rg8+ 47. Kh2 0-1

[Event "DVM U14 2024"]
[Site "Heidelberg"]
[Date "2024.12.28"]
[Round "4"]
[White "Obermair, Hannes"]
[Black "Draxler, Henning"]
[Result "1-0"]
[ECO "D32"]
[WhiteElo "1653"]
[BlackElo "1480"]
[Annotator "NA RC"]
[PlyCount "96"]
[EventDate "2024.12.23"]
[EventType "team-tourn"]
[EventRounds "7"]
[EventCountry "GER"]
[SourceTitle "playchess.com"]
[Source "ChessBase"]
[SourceQuality "1"]
[TimeControl "40/5400+30:1800+30"]

1. c4 e6 2. d4 d5 3. Nc3 c5 4. cxd5 cxd4 5. Qxd4 Nc6 6. Qd1 exd5 7. Qxd5 Be6 8. Qxd8+ Rxd8 9. Bd2 Nb4 10. Kd1 Bc5 11. e3 a6 12. Nf3 Nf6 13. Rc1 Ba7 14. b3 Ng4 15. Ke1 Bf5 16. h3 Nf6 17. Bc4 O-O 18. g4 Bg6 19. Ne5 b5 20. Nxg6 hxg6 21. Be2 Rd7 22. Nxb5 Rxd2 23. Kxd2 axb5 24. Bxb5 Rd8+ 25. Ke2 Nxa2 26. Rc2 Nb4 27. Rc4 Nbd5 28. Rd1 Rb8 29. Ba4 Ne7 30. Rc7 Ned5 31. Rxd5 Nxd5 32. Rxa7 Kf8 33. Kd3 g5 34. Rd7 Nb4+ 35. Kc4 Nc2 36. Kd3 Ne1+ 37. Ke2 Ng2 38. Rd4 Nh4 39. b4 Ke7 40. Bc6 Ng6 41. b5 Ne5 42. Rd5 f6 43. f4 gxf4 44. exf4 Nc4 45. Rd7+ Kf8 46. Bd5 Ke8 47. Rxg7 Nd6 48. Rg8+ Kd7 1-0

[Event "DVM U14 2024"]
[Site "Heidelberg"]
[Date "2024.12.28"]
[Round "4"]
[White "Laube, Karl"]
[Black "Belenki, Janis"]
[Result "0-1"]
[ECO "D02"]
[WhiteElo "1635"]
[BlackElo "1611"]
[Annotator "NA RC"]
[PlyCount "106"]
[EventDate "2024.12.23"]
[EventType "team-tourn"]
[EventRounds "7"]
[EventCountry "GER"]
[SourceTitle "playchess.com"]
[Source "ChessBase"]
[SourceQuality "1"]
[TimeControl "40/5400+30:1800+30"]

1. d4 Nf6 2. Bf4 d5 3. e3 c5 4. Nf3 Bg4 5. c3 e6 6. h3 Bh5 7. Nbd2 Bd6 8. Bxd6 Qxd6 9. Be2 Nc6 10. O-O O-O 11. Nb3 b6 12. Qc2 e5 13. dxe5 Nxe5 14. Nxe5 Qxe5 15. Rfd1 Bg6 16. Qd2 Rad8 17. Bf3 h6 18. Qe2 Rfe8 19. Rd2 Ne4 20. Bxe4 Bxe4 21. Rad1 Bg6 22. Re1 f5 23. c4 dxc4 24. Rxd8 Rxd8 25. Qxc4+ Bf7 26. Qc2 c4 27. Nd2 Qd5 28. Nf3 b5 29. Nd4 f4 30. Qc3 fxe3 31. fxe3 Qc5 32. a3 Qg5 33. Re2 Qg3 34. Re1 Bd5 35. Qd2 Bxg2 36. Qf2 Qxf2+ 37. Kxf2 Bxh3 38. Nxb5 Rd2+ 39. Re2 Rxe2+ 40. Kxe2 a6 41. Nc7 Bc8 42. Kd2 h5 43. Ke2 Kf7 44. Kf3 Bb7+ 45. e4 g5 46. Nd5 Bxd5 47. exd5 Ke7 48. Ke4 Kd6 49. Kf5 h4 50. Ke4 h3 51. Kf3 g4+ 52. Kg3 Kxd5 53. Kh2 Kd4 0-1

[Event "DVM U14 2024"]
[Site "Heidelberg"]
[Date "2024.12.28"]
[Round "4"]
[White "Meusel, Theodor"]
[Black "Sitnik, Arthur"]
[Result "0-1"]
[ECO "D78"]
[WhiteElo "1608"]
[BlackElo "1668"]
[Annotator "NA RC"]
[PlyCount "62"]
[EventDate "2024.12.23"]
[EventType "team-tourn"]
[EventRounds "7"]
[EventCountry "GER"]
[SourceTitle "playchess.com"]
[Source "ChessBase"]
[SourceQuality "1"]
[TimeControl "40/5400+30:1800+30"]

1. c4 c6 2. g3 d5 3. Bg2 g6 4. d4 Bg7 5. Nf3 Nf6 6. O-O O-O 7. b3 Bf5 8. Nc3 Ne4 9. Bb2 Nd7 10. cxd5 Nxc3 11. Bxc3 cxd5 12. Nh4 Be6 13. Rc1 Rc8 14. Qd3 Nf6 15. f3 Nh5 16. Rfd1 Bf6 17. e3 Qd7 18. Bh1 Rfd8 19. Ng2 Ng7 20. Nf4 Bf5 21. Qd2 g5 22. Ne2 Ne6 23. g4 Bg6 24. f4 gxf4 25. exf4 Be4 26. Ng3 b5 27. Nxe4 dxe4 28. d5 Bxc3 29. Rxc3 Rxc3 30. Qxc3 Nxf4 31. Qg3 Ne2+ 0-1

[Event "DVM U14 2024"]
[Site "Heidelberg"]
[Date "2024.12.28"]
[Round "4"]
[White "Roessler, Leo"]
[Black "Kommessin, Felix"]
[Result "1-0"]
[ECO "C22"]
[WhiteElo "1589"]
[BlackElo "1757"]
[Annotator "NA RC"]
[PlyCount "79"]
[EventDate "2024.12.23"]
[EventType "team-tourn"]
[EventRounds "7"]
[EventCountry "GER"]
[SourceTitle "playchess.com"]
[Source "ChessBase"]
[SourceQuality "1"]
[TimeControl "40/5400+30:1800+30"]

1. e4 e5 2. d4 exd4 3. Qxd4 Nc6 4. Qe3 Bb4+ 5. Nc3 Nf6 6. Bd2 O-O 7. O-O-O Re8 8. Qg3 Nxe4 9. Nxe4 Rxe4 10. c3 Be7 11. Nf3 Bf6 12. Bd3 Re8 13. h4 a5 14. Ng5 Ne5 15. Bxh7+ Kf8 16. Bc2 d5 17. Nh7+ Kg8 18. Nxf6+ Qxf6 19. Bg5 Qe6 20. Rhe1 f6 21. Bf4 Qg4 22. Bxe5 Rxe5 23. Qxg4 Bxg4 24. Rxe5 fxe5 25. Rxd5 Re8 26. f3 Bh5 27. Rxa5 Re7 28. Be4 c6 29. Ra8+ Re8 30. Rxe8+ Bxe8 31. Kd2 Kf7 32. Ke3 Ke6 33. g4 g6 34. c4 Kd6 35. f4 Ke6 36. f5+ gxf5 37. Bxf5+ Kf6 38. Ke4 Bf7 39. b3 b5 40. g5+ 1-0

[Event "DVM U14 2024"]
[Site "Heidelberg"]
[Date "2024.12.28"]
[Round "4"]
[White "Scharff, Oskar"]
[Black "Arora, Ryan"]
[Result "1/2-1/2"]
[ECO "B33"]
[WhiteElo "1583"]
[BlackElo "1390"]
[Annotator "NA RC"]
[PlyCount "56"]
[EventDate "2024.12.23"]
[EventType "team-tourn"]
[EventRounds "7"]
[EventCountry "GER"]
[SourceTitle "playchess.com"]
[Source "ChessBase"]
[SourceQuality "1"]
[TimeControl "40/5400+30:1800+30"]

1. e4 c5 2. Nf3 Nc6 3. d4 cxd4 4. Nxd4 Nf6 5. Nc3 e5 6. Ndb5 d6 7. Bg5 a6 8. Na3 b5 9. Bxf6 gxf6 10. Nd5 f5 11. Bd3 Be6 12. O-O f4 13. c4 b4 14. Nc2 a5 15. b3 Ra7 16. Qh5 h6 17. Ne1 Rg8 18. Qe2 Nd4 19. Qd2 f3 20. Kh1 fxg2+ 21. Nxg2 Bh3 22. Nde3 Nf3 23. Qe2 Nd4 24. Qd2 Nf3 25. Qe2 Nd4 26. Qd2 Qg5 27. f3 Nxf3 28. Rf2 Nd4 1/2-1/2

[Event "DVM U14 2024"]
[Site "Heidelberg"]
[Date "2024.12.28"]
[Round "4"]
[White "Splitt, Albert"]
[Black "Gorbatschow, Bogdan"]
[Result "0-1"]
[ECO "D00"]
[WhiteElo "1571"]
[BlackElo "1728"]
[Annotator "NA RC"]
[PlyCount "58"]
[EventDate "2024.12.23"]
[EventType "team-tourn"]
[EventRounds "7"]
[EventCountry "GER"]
[SourceTitle "playchess.com"]
[Source "ChessBase"]
[SourceQuality "1"]
[TimeControl "40/5400+30:1800+30"]

1. d4 Nf6 2. Nc3 d5 3. Bf4 c6 4. e3 Bf5 5. f3 h6 6. g4 Bg6 7. Bd3 Bxd3 8. Qxd3 e6 9. Nge2 Qb6 10. Kf2 Nbd7 11. h4 Be7 12. Ng3 Nf8 13. e4 Ng6 14. Be3 Nxh4 15. exd5 Nxd5 16. Nge4 Nxe3 17. Qxe3 O-O-O 18. Rhd1 Ng6 19. Na4 Qa5 20. Nac5 Bxc5 21. Nxc5 Qc7 22. Nxe6 Qh2+ 23. Kf1 fxe6 24. Qxe6+ Rd7 25. Qxg6 Rf8 26. Qe4 Re7 27. Qd3 Ref7 28. Ke1 Rxf3 29. Qe2 Qg3+ 0-1

[Event "DVM U14 2024"]
[Site "Heidelberg"]
[Date "2024.12.28"]
[Round "4"]
[White "Luccone, Constantin"]
[Black "Zielke, Constantin"]
[Result "0-1"]
[ECO "C54"]
[WhiteElo "1567"]
[BlackElo "1543"]
[Annotator "NA RC"]
[PlyCount "76"]
[EventDate "2024.12.23"]
[EventType "team-tourn"]
[EventRounds "7"]
[EventCountry "GER"]
[SourceTitle "playchess.com"]
[Source "ChessBase"]
[SourceQuality "1"]
[TimeControl "40/5400+30:1800+30"]

1. e4 e5 2. Nf3 Nc6 3. Bc4 Bc5 4. c3 Nf6 5. d4 exd4 6. cxd4 Be7 7. Nc3 d6 8. a3 Bg4 9. Be3 Nxe4 10. Nxe4 d5 11. Bd3 dxe4 12. Bxe4 O-O 13. O-O Bf6 14. d5 Ne5 15. Qb3 Nxf3+ 16. Bxf3 Bxf3 17. gxf3 Re8 18. Kh1 Qd6 19. Rg1 Be5 20. Rg2 b6 21. Rag1 g6 22. Rb1 Rad8 23. Rd1 c6 24. h3 cxd5 25. Rgg1 Qe6 26. Kg2 Qd6 27. Rd2 d4 28. Rgd1 Qf6 29. Bxd4 Rxd4 30. Rxd4 Bxd4 31. Qa4 Rd8 32. Qxa7 Qg5+ 33. Kf1 Qh4 34. Rd2 Qxh3+ 35. Kg1 Bxf2+ 36. Kxf2 Rxd2+ 37. Ke3 Rd8 38. Qxb6 Qe6+ 0-1

[Event "DVM U14 2024"]
[Site "Heidelberg"]
[Date "2024.12.28"]
[Round "4"]
[White "Yang, Sophie"]
[Black "Meijers, Jaroslav"]
[Result "0-1"]
[ECO "D35"]
[WhiteElo "1547"]
[BlackElo "1663"]
[Annotator "NA RC"]
[PlyCount "114"]
[EventDate "2024.12.23"]
[EventType "team-tourn"]
[EventRounds "7"]
[EventCountry "GER"]
[SourceTitle "playchess.com"]
[Source "ChessBase"]
[SourceQuality "1"]
[TimeControl "40/5400+30:1800+30"]

1. d4 d5 2. c4 e6 3. Nc3 Nf6 4. cxd5 exd5 5. Bg5 Be7 6. e3 O-O 7. Nf3 Bf5 8. Be2 c6 9. O-O h6 10. Bh4 Nbd7 11. a3 Ne4 12. Bxe7 Qxe7 13. Nd2 Qg5 14. Nf3 Qe7 15. Rc1 a5 16. Bd3 Rac8 17. Qc2 Rfe8 18. Rb1 Ndf6 19. Ne5 Ra8 20. f3 Nxc3 21. Qxc3 Bxd3 22. Qxd3 Nd7 23. Nxd7 Qxd7 24. b4 Qe7 25. Rfe1 axb4 26. axb4 b6 27. Qc3 Rac8 28. Rbc1 Rc7 29. b5 Rec8 30. bxc6 Rxc6 31. Qxc6 Rxc6 32. Rxc6 Qb4 33. Rec1 Qd2 34. R6c3 b5 35. h3 b4 36. R3c2 Qxe3+ 37. Kh1 b3 38. Rc8+ Kh7 39. Rb1 Qxd4 40. Rb8 Qd2 41. R1xb3 d4 42. Rb1 d3 43. Rg1 Qe2 44. Rbb1 d2 45. Rbd1 g5 46. Rgf1 f5 47. Ra1 Kg6 48. Rfb1 Kh5 49. Rf1 Kh4 50. Rg1 Kg3 51. Rad1 g4 52. fxg4 fxg4 53. Ra1 d1=Q 54. Rc1 Qxg1+ 55. Rxg1 gxh3 56. gxh3+ Kxh3 57. Rg3+ Kxg3 0-1

[Event "DVM U14 2024"]
[Site "Heidelberg"]
[Date "2024.12.28"]
[Round "4"]
[White "Mosch, Cornelius"]
[Black "Freude, Paul"]
[Result "0-1"]
[ECO "B22"]
[WhiteElo "1405"]
[BlackElo "1714"]
[Annotator "NA RC"]
[PlyCount "58"]
[EventDate "2024.12.23"]
[EventType "team-tourn"]
[EventRounds "7"]
[EventCountry "GER"]
[SourceTitle "playchess.com"]
[Source "ChessBase"]
[SourceQuality "1"]
[TimeControl "40/5400+30:1800+30"]

1. e4 c5 2. c3 Nf6 3. e5 Nd5 4. Nf3 e6 5. d4 cxd4 6. cxd4 b6 7. Nc3 Nxc3 8. bxc3 Qc7 9. Bd2 Bb7 10. Bd3 d6 11. O-O Nd7 12. a4 dxe5 13. dxe5 Bc5 14. Re1 O-O 15. Qc2 h6 16. Be4 Rfd8 17. Rab1 Nf8 18. Be3 Bxe4 19. Qxe4 Bxe3 20. Qxe3 Rac8 21. Nd4 a6 22. Ne2 Nd7 23. h3 Nc5 24. Qf4 Nd3 25. Qg3 Nxe1 26. Rxe1 Rd5 27. Rf1 Qxe5 28. Nf4 Rxc3 29. Qg4 h5 0-1

[Event "DVM U14 2024"]
[Site "Heidelberg"]
[Date "2024.12.28"]
[Round "4"]
[White "Zhou, Louis Yuchen"]
[Black "Sosnicki, Adrian"]
[Result "0-1"]
[ECO "B02"]
[WhiteElo "1215"]
[BlackElo "1259"]
[Annotator "NA RC"]
[PlyCount "66"]
[EventDate "2024.12.23"]
[EventType "team-tourn"]
[EventRounds "7"]
[EventCountry "GER"]
[SourceTitle "playchess.com"]
[Source "ChessBase"]
[SourceQuality "1"]
[TimeControl "40/5400+30:1800+30"]

1. e4 d5 2. exd5 Nf6 3. Nf3 Nxd5 4. d4 Bf5 5. Nc3 e6 6. a3 c5 7. Bc4 Nc6 8. Bb5 Qc7 9. Qe2 O-O-O 10. Bxc6 Qxc6 11. Ne5 Qe8 12. dxc5 Nxc3 13. bxc3 Rd5 14. c6 Bxc2 15. cxb7+ Kxb7 16. Qxc2 Rxe5+ 17. Be3 Bc5 18. Rb1+ Kc7 19. Ke2 f5 20. Kd1 Qh5+ 21. Kc1 Bxa3+ 22. Kd2 Rd8+ 23. Ke1 f4 24. Qa4 Bc5 25. Qa5+ Bb6 26. Qb4 fxe3 27. Qc4+ Kb7 28. f3 Qg6 29. Rb2 Rd2 30. Qb4 Red5 31. Qe7+ Rd7 32. Qb4 Rd1+ 33. Ke2 Qxg2# 0-1

[Event "DVM U14 2024"]
[Site "Heidelberg"]
[Date "2024.12.28"]
[Round "4"]
[White "Nawrath, Lars"]
[Black "Popitz, Paul"]
[Result "0-1"]
[ECO "D02"]
[WhiteElo "1189"]
[BlackElo "1449"]
[Annotator "NA RC"]
[PlyCount "64"]
[EventDate "2024.12.23"]
[EventType "team-tourn"]
[EventRounds "7"]
[EventCountry "GER"]
[SourceTitle "playchess.com"]
[Source "ChessBase"]
[SourceQuality "1"]
[TimeControl "40/5400+30:1800+30"]

1. d4 d5 2. Bf4 Nf6 3. e3 c5 4. c3 Nc6 5. Nd2 Qb6 6. Qb3 e6 7. Ngf3 c4 8. Qc2 Ne7 9. h3 Ng6 10. Bh2 Bd6 11. Ne5 Qc7 12. f4 b5 13. a3 Nd7 14. Nxd7 Bxd7 15. Nf3 a5 16. Be2 O-O 17. O-O b4 18. axb4 axb4 19. Ne5 b3 20. Qb1 Nxe5 21. fxe5 Be7 22. Bf4 Rxa1 23. Qxa1 Qb7 24. Qb1 Ra8 25. Bf3 Bc6 26. Re1 Ra2 27. e4 dxe4 28. Bxe4 Bxe4 29. Rxe4 Rxb2 30. Qxb2 Qxe4 31. Qa1 Qxf4 32. Qa8+ Bf8 0-1